 Dungeon Crawl Stone Soup version 0.30.0-20-g3615ddf2f0 (webtiles) character file.

Game seed: 12801360470313083074

18570 qw the Cleaver (level 12, -6/77 HPs)
             Began as a Gargoyle Fighter on May 31, 2023.
             Was a High Priest of Okawaru.
             Mangled by a komodo dragon (19 damage)
             ... on level 3 of the Lair of Beasts.
             The game lasted 00:07:24 (13012 turns).

qw the Cleaver (Gargoyle Fighter)                  Turns: 13012, Time: 00:07:24

Health: -6/77      AC: 30    Str: 25    XL:     12   Next: 59%
Magic:  13/19      EV: 14    Int:  9    God:    Okawaru [*****.]
Gold:   748        SH:  6    Dex:  7    Spells: 11/11 levels left

rFire   . . .        g - +0 morningstar
rCold   . . .        c - +0 buckler
rNeg    + . .        y - +0 plate armour
rPois   inf          e - +0 helmet
rElec   +            (no cloak)
rCorr   .            s - +2 pair of gloves
SInv    .            (no boots)
Will    .....        r - amulet of faith Stlth
                     h - +5 ring of evasion
HPRegen 0.32/turn    (no ring)
MPRegen 0.16/turn

%: faith
@: about to teleport, heroic, finesse-ful
A: sickness immunity, AC +8, negative energy resistance 1, electricity
resistance, torment resistance 1, petrification resistance, clumsy 1
a: Renounce Religion, Heroism, Finesse, Duel


You were on level 3 of the Lair of Beasts.
You worshipped Okawaru.
Okawaru was extremely pleased with you.
You visited 3 branches of the dungeon, and saw 13 of its levels.
You also visited: Ossuary.

You collected 813 gold pieces.
You spent 65 gold pieces at shops.


Innate Abilities, Weirdness & Mutations

You are immune to sickness and miasma.
Your stone body is resilient. (AC +8)
You are immune to poison.
You resist negative energy. (rN+)
You are resistant to electric shocks. (rElec)
You are resistant to unholy torment.
You are immune to petrification.
You are clumsy. (Dex -2)


   Skills:
 - Level 10.0(15.0) Fighting
 + Level 12.5(17.5) Axes
 - Level 3.0(8.0) Throwing
 - Level 9.0(14.0) Armour
 - Level 1.1(6.1) Dodging
 - Level 6.1(11.1) Shields
 + Level 9.3 Invocations


You had 11 spell levels left.
You didn't know any spells.
Your spell library was empty.

Inventory:

Hand Weapons
 g - a +0 morningstar (weapon)
 Y - a +2 war axe of venom
Missiles
 l - a javelin (quivered)
Armour
 c - a +0 buckler (worn)
 e - a +0 helmet (worn)
 q - the +0 leather armour of the Fortifying Gods {rC+ rCorr Str-3 Dex+3}
   (You found it on level 2 of the Dungeon)

   Str:       It affects your strength (-3).
   Dex:       It affects your dexterity (+3).
   rC:        It protects you from cold.
   rCorr:     It protects you from acid and corrosion.
 s - a +2 pair of gloves (worn)
 y - a +0 plate armour (worn)
Jewellery
 h - a +5 ring of evasion (left hand)
 r - an amulet of faith (around neck)
 x - an amulet of regeneration
Wands
 k - a wand of digging (15)
Scrolls
 b - 8 scrolls of identify
 i - 6 scrolls of teleportation
Potions
 d - 5 potions of might
 f - 2 potions of resistance
 j - a potion of attraction
 m - a potion of lignification
 n - 3 potions of heal wounds
 o - 6 potions of curing
 p - 4 potions of mutation
 t - a potion of magic

Dungeon Overview and Level Annotations

Branches:
Dungeon (8/15)             Temple (1/1) D:4            Lair (4/5) D:8
 Shoals (0/4) Lair:3       Spider (0/4) Lair:3      Ossuary (visited)
  Slime: Lair:4-5

Altars:
Ashenzari
Cheibriados
Elyvilon
Fedhas
Gozag
Hepliaklqana
Kikubaaqudgha
Makhleb
Nemelex Xobeh
Okawaru
Qazlal
Ru
Sif Muna
Trog
Uskayaw
Vehumet
Wu Jian
Xom
Yredelemnul
Zin
The Shining One

Shops:
D:3 ?   D:4 *   D:7 :


Message History

Enter note:
Enter note:
Enter note:
Enter note:
Enter note:
Enter note:
Enter note:
Enter note:
Enter note:
Enter note:
Enter note:
Enter note: You hit the seven-headed hydra.
The seven-headed hydra is lightly wounded.
You puncture the seven-headed hydra!
The seven-headed hydra is moderately wounded.
The wyvern bites you but does no damage.
The seven-headed hydra closely misses you.
The seven-headed hydra bites you but does no damage. x3
The seven-headed hydra barely misses you.
The seven-headed hydra completely misses you.
The seven-headed hydra barely misses you.
The komodo dragon misses you.
You bludgeon the seven-headed hydra!!
The seven-headed hydra is heavily wounded.
You block the wyvern's attack.
You impale the seven-headed hydra!!
The seven-headed hydra is almost dead.
You impale the seven-headed hydra!!
You kill the seven-headed hydra!
Okawaru is honoured by your kill. Okawaru grants you a weapon!
Something appears at your feet!
You see here the +8 broad axe of Checkmate {holy, Int+2}.
The wyvern bites you but does no damage.
The komodo dragon bites you!
13012 ||| READING 7 scrolls of teleportation.
As you read the scroll of teleportation, it crumbles to dust.
You feel strangely unstable. The wyvern barely misses you.
The komodo dragon bites you!!
You die...

#......###.# #P...............#
#...#..# ### ##..............###
######## ### ###.P.........##.#
####.#####P.........#.##.
###....##..#...........##..
##.....................#.#..
####..............#.##.##......
##.P..........l...########......
##..............@.P######.#.#....
#................l..##.....##....
#..#................#......##....
#####......<...##...........#....
##...<....#^##...^......##..#
#.#......##^^.^....^...##....
###......#^^...........#.#.#.
###....#^^...##^...........
##.......^^^##^........}.


You could see a komodo dragon and a wyvern.

Vanquished Creatures
  A hydra (Lair:3)
  A deep troll (Lair:3)
  A cyclops (D:8)
  5 black mambas
  8 cane toads
  A rime drake (Lair:3)
  4 komodo dragons
  A polar bear (Lair:1)
  7 blink frogs (Lair:1)
  Grinder (D:3)
  A snapping turtle (Lair:3)
  A wyvern (D:6)
  18 yaks
  4 basilisks
  Grum (Lair:1)
  3 redbacks (Lair:3)
  Eustachio (D:5)
  A steam dragon (D:8)
  Menkaure (Ossuary)
  Edmund (D:5)
  7 water moccasins
  3 ice beasts
  2 orc warriors (D:8)
  3 black bears
  4 sky beasts
  2 ogres (D:5)
  9 wolves
  A centaur (D:5)
  A phantom (D:5)
  2 kobold brigands
  13 bullfrogs
  A gnoll sergeant (D:8)
  5 scorpions
  5 wights (D:5)
  An electric eel (Lair:3)
  3 howler monkeys (D:7)
  4 hounds
  6 orc priests
  2 jellies
  3 gnoll boudas
  2 sleepcaps
  Jessica (D:3)
  3 iguanas
  4 orc wizards
  3 mummies (Ossuary)
  20 gnolls
  13 adders
  A shadow imp (D:6)
  A white imp (D:6)
  2 dart slugs (D:2)
  22 orcs
  8 endoplasms
  4 giant cockroaches
  3 gnoll zombies (Ossuary)
  10 goblins
  6 hobgoblins
  10 jackals
  10 kobolds
  3 quokkas
  12 ball pythons
  3 bats
  5 frilled lizards
  6 gnoll skeletons (Ossuary)
  3 goblin skeletons (Ossuary)
  3 goblin zombies (Ossuary)
  3 hobgoblin skeletons (Ossuary)
  3 hobgoblin zombies (Ossuary)
  4 kobold skeletons (Ossuary)
  5 kobold zombies (Ossuary)
  5 orc skeletons (Ossuary)
  4 orc zombies (Ossuary)
  7 rats
  4 rat skeletons (Ossuary)
  7 rat zombies (Ossuary)
339 creatures vanquished.

Notes
Turn   | Place    | Note
-------+----------+-------------------------------------------
     0 | D:1      | qw the Gargoyle Fighter began the quest for the Orb.
     0 | D:1      | Reached XP level 1. HP: 14/14 MP: 1/1
     0 | D:1      | 0 ||| qw: Version: 0.2-a-102-gfc559e5
     0 | D:1      | 0 ||| qw: Game counter: 559
     0 | D:1      | 0 ||| qw: Always use a shield: true
     0 | D:1      | 0 ||| qw: God list: Okawaru
     0 | D:1      | 0 ||| qw: Allow faded altars: false
     0 | D:1      | 0 ||| qw: Do Orc after D:15 true
     0 | D:1      | 0 ||| qw: Do second Lair branch before Depths: true
     0 | D:1      | 0 ||| qw: Lair rune preference: random
     0 | D:1      | 0 ||| qw: Plans: Normal, Zot:1-4, Slime:5, God:TSO, Crypt,
                  | Tomb, Pan, Hells, Abyss, Win
     0 | D:1      | 0 ||| PLANNING D:1-11
    54 | D:1      | Reached skill level 2 in Axes
    57 | D:1      | 57 ||| Stepping ~*~*~tactically~*~*~ (stealth).
    67 | D:1      | Reached XP level 2. HP: 19/19 MP: 2/2
    74 | D:1      | Reached skill level 3 in Axes
    76 | D:1      | Reached XP level 3. HP: 20/23 MP: 3/3
   436 | D:1      | 436 ||| Stepping ~*~*~tactically~*~*~ (stealth).
   438 | D:1      | 438 ||| Stepping ~*~*~tactically~*~*~ (stealth).
   505 | D:1      | 505 ||| DROPPING +0 club.
   629 | D:1      | You fall into a shaft and drop 1 floor!
   707 | D:2      | Identified the +0 leather armour of the Fortifying Gods
                  | {rC+ rCorr Str-3 Dex+3}
   717 | D:2      | 717 ||| Stepping ~*~*~tactically~*~*~ (stealth).
   718 | D:2      | 718 ||| Stepping ~*~*~tactically~*~*~ (stealth).
   728 | D:2      | Reached XP level 4. HP: 28/28 MP: 4/4
   748 | D:2      | 748 ||| Stepping ~*~*~tactically~*~*~ (hiding).
   866 | D:2      | Reached skill level 4 in Axes
   955 | D:2      | 955 ||| READING scroll labelled SOQOEDD SONNE.
   956 | D:2      | 956 ||| READING scroll labelled ZERAMINAIB.
   957 | D:2      | 957 ||| READING 2 scrolls labelled HOCYWNANETS.
   958 | D:2      | 958 ||| READING scroll labelled ZOYTRACKU.
   959 | D:2      | 959 ||| DRINKING 3 fuming red potions.
   966 | D:2      | 966 ||| DRINKING 2 dark potions.
   966 | D:2      | Gained mutation: You sometimes lose your temper in combat.
                  | [potion of mutation]
   966 | D:2      | Gained mutation: You have a pair of small antennae on your
                  | head. [potion of mutation]
   967 | D:2      | 967 ||| DRINKING potion of mutation.
   967 | D:2      | Lost mutation: You sometimes lose your temper in combat.
                  | [potion of mutation]
   967 | D:2      | Lost mutation: You have a pair of small antennae on your
                  | head. [potion of mutation]
   967 | D:2      | Gained mutation: You are clumsy. (Dex -2) [potion of
                  | mutation]
   968 | D:2      | 968 ||| DROPPING 2 potions of ambrosia.
   969 | D:2      | 969 ||| DROPPING scroll of poison.
  1243 | D:2      | 1243 ||| STAIRDANCE
  1425 | D:2      | 1425 ||| Stepping ~*~*~tactically~*~*~ (stealth).
  1426 | D:2      | 1426 ||| Stepping ~*~*~tactically~*~*~ (stealth).
  1597 | D:2      | 1597 ||| UPGRADING to +0 chain mail.
  1607 | D:2      | 1607 ||| DROPPING +0 scale mail.
  1697 | D:3      | Noticed Grinder
  1699 | D:3      | Paralysed by Grinder for 5 turns
  1706 | D:3      | Paralysed by Grinder for 2 turns
  1716 | D:3      | Killed Grinder
  1717 | D:3      | Reached skill level 5 in Axes
  1717 | D:3      | Reached XP level 5. HP: 30/32 MP: 5/5
  1717 | D:3      | Reached XP level 6. HP: 35/37 MP: 6/6
  1958 | D:3      | 1958 ||| Stepping ~*~*~tactically~*~*~ (hiding).
  2009 | D:3      | Found Paisu's Magic Scroll Emporium.
  2017 | D:3      | 2017 ||| SHOPLISTING scroll of acquirement (676 gold, have
                  | 84).
  2017 | D:3      | 2017 ||| SHOPLISTING scroll of enchant armour (97 gold,
                  | have 84).
  2017 | D:3      | 2017 ||| SHOPLISTING scroll of enchant weapon (97 gold,
                  | have 84).
  2017 | D:3      | 2017 ||| BUYING scroll of identify (26 gold).
  2017 | D:3      | Bought a scroll of identify for 26 gold pieces
  2017 | D:3      | 2017 ||| BUYING scroll of teleportation (39 gold).
  2017 | D:3      | Bought a scroll of teleportation for 39 gold pieces
  2066 | D:3      | Noticed Jessica
  2068 | D:3      | Killed Jessica
  2403 | D:3      | Reached skill level 6 in Axes
  2538 | D:3      | 2538 ||| DROPPING orb of guile.
  2539 | D:3      | 2539 ||| UPGRADING to +5 ring of evasion.
  2540 | D:3      | 2540 ||| READING scroll labelled GEOSHR ZIVUMU.
  2541 | D:3      | 2541 ||| DRINKING 2 inky potions.
  2542 | D:3      | 2542 ||| DRINKING 3 fizzy orange potions.
  2543 | D:3      | 2543 ||| DRINKING 2 viscous ruby potions.
  2544 | D:3      | 2544 ||| READING 3 scrolls of identify.
  2544 | D:3      | 2544 ||| IDENTIFYING fizzy inky potion
  2545 | D:3      | 2545 ||| READING 2 scrolls of identify.
  2545 | D:3      | 2545 ||| IDENTIFYING lumpy puce potion
  2565 | D:4      | 2565 ||| UPGRADING to +0 helmet.
  2577 | D:4      | 2577 ||| DROPPING +0 whip.
  2587 | D:4      | Reached XP level 7. HP: 40/43 MP: 7/7
  2630 | D:4      | 2630 ||| Stepping ~*~*~tactically~*~*~ (hiding).
  2631 | D:4      | 2631 ||| Stepping ~*~*~tactically~*~*~ (hiding).
  2668 | D:4      | 2668 ||| Stepping ~*~*~tactically~*~*~ (stealth).
  2687 | D:4      | Found a shimmering altar of Xom.
  2713 | D:4      | 2713 ||| Stepping ~*~*~tactically~*~*~ (stealth).
  2719 | D:4      | Reached skill level 7 in Axes
  2719 | D:4      | 2719 ||| Stepping ~*~*~tactically~*~*~ (stealth).
  2720 | D:4      | 2720 ||| Stepping ~*~*~tactically~*~*~ (stealth).
  2819 | D:4      | 2819 ||| Stepping ~*~*~tactically~*~*~ (stealth).
  2836 | D:4      | Found a staircase to the Ecumenical Temple.
  2837 | D:4      | 2837 ||| PLANNING TEMPLE
  2837 | D:4      | 2837 ||| UPGRADING to amulet of faith.
  2849 | Temple   | Entered the Ecumenical Temple
  2850 | Temple   | 2850 ||| PLANNING OKAWARU WORSHIP
  2928 | Temple   | Became a worshipper of Warmaster Okawaru
  2928 | Temple   | 2928 ||| PLANNING D:1-11
  3126 | D:4      | Found an opulent altar of Gozag.
  3128 | D:4      | Found Gozag's Platinum Reserve.
  3138 | D:4      | 3138 ||| SHOPLISTING +0 ring mail "Yqa Muy" {rF+} (1800
                  | gold, have 81).
  3138 | D:4      | 3138 ||| SHOPLISTING +3 leather armour of Birdsong {-Tele
                  | rF++ rC+ Str+2} (4570 gold, have 81).
  3219 | D:4      | Reached skill level 1 in Throwing
  3461 | D:4      | 3461 ||| UPGRADING to +0 pair of gloves.
  3495 | D:5      | Entered Level 5 of the Dungeon
  3496 | D:5      | 3496 ||| PLANNING OSSUARY
  3516 | D:5      | Found a sand-covered staircase.
  3525 | Ossuary  | Entered an ossuary
  3599 | Ossuary  | 3599 ||| FLEEEEING.
  3604 | Ossuary  | 3604 ||| FLEEEEING.
  3605 | Ossuary  | 3605 ||| FLEEEEING.
  3606 | Ossuary  | 3606 ||| FLEEEEING.
  3607 | Ossuary  | 3607 ||| FLEEEEING.
  3608 | Ossuary  | 3608 ||| FLEEEEING.
  3609 | Ossuary  | 3609 ||| FLEEEEING.
  3610 | Ossuary  | 3610 ||| FLEEEEING.
  3611 | Ossuary  | 3611 ||| FLEEEEING.
  3759 | Ossuary  | 3759 ||| FLEEEEING.
  3762 | Ossuary  | 3762 ||| FLEEEEING.
  3763 | Ossuary  | 3763 ||| FLEEEEING.
  3764 | Ossuary  | 3764 ||| FLEEEEING.
  3765 | Ossuary  | 3765 ||| FLEEEEING.
  3766 | Ossuary  | 3766 ||| FLEEEEING.
  3767 | Ossuary  | 3767 ||| FLEEEEING.
  3768 | Ossuary  | 3768 ||| FLEEEEING.
  3769 | Ossuary  | 3769 ||| FLEEEEING.
  3770 | Ossuary  | 3770 ||| FLEEEEING.
  3771 | Ossuary  | 3771 ||| FLEEEEING.
  3772 | Ossuary  | 3772 ||| FLEEEEING.
  3773 | Ossuary  | 3773 ||| FLEEEEING.
  3774 | Ossuary  | 3774 ||| FLEEEEING.
  3775 | Ossuary  | 3775 ||| FLEEEEING.
  3776 | Ossuary  | 3776 ||| FLEEEEING.
  3777 | Ossuary  | 3777 ||| FLEEEEING.
  3778 | Ossuary  | 3778 ||| FLEEEEING.
  3779 | Ossuary  | 3779 ||| FLEEEEING.
  3780 | Ossuary  | 3780 ||| FLEEEEING.
  3781 | Ossuary  | 3781 ||| FLEEEEING.
  3782 | Ossuary  | 3782 ||| FLEEEEING.
  3783 | Ossuary  | 3783 ||| FLEEEEING.
  3784 | Ossuary  | 3784 ||| FLEEEEING.
  3785 | Ossuary  | 3785 ||| FLEEEEING.
  3786 | Ossuary  | 3786 ||| FLEEEEING.
  3787 | Ossuary  | 3787 ||| FLEEEEING.
  3788 | Ossuary  | 3788 ||| FLEEEEING.
  3789 | Ossuary  | 3789 ||| FLEEEEING.
  3790 | Ossuary  | 3790 ||| FLEEEEING.
  3791 | Ossuary  | 3791 ||| FLEEEEING.
  3818 | Ossuary  | Reached XP level 8. HP: 49/49 MP: 8/8
  3906 | Ossuary  | 3906 ||| FLEEEEING.
  3907 | Ossuary  | 3907 ||| FLEEEEING.
  3913 | Ossuary  | 3913 ||| FLEEEEING.
  3926 | Ossuary  | 3926 ||| FLEEEEING.
  3927 | Ossuary  | 3927 ||| FLEEEEING.
  4023 | Ossuary  | 4023 ||| FLEEEEING.
  4041 | Ossuary  | 4041 ||| FLEEEEING.
  4042 | Ossuary  | 4042 ||| FLEEEEING.
  4043 | Ossuary  | 4043 ||| FLEEEEING.
  4103 | Ossuary  | Reached skill level 1 in Dodging
  4159 | Ossuary  | 4159 ||| Stepping ~*~*~tactically~*~*~ (stealth).
  4160 | Ossuary  | Noticed Menkaure
  4161 | Ossuary  | 4161 ||| FLEEEEING.
  4165 | Ossuary  | 4165 ||| FLEEEEING.
  4166 | Ossuary  | 4166 ||| FLEEEEING.
  4167 | Ossuary  | 4167 ||| FLEEEEING.
  4168 | Ossuary  | 4168 ||| FLEEEEING.
  4169 | Ossuary  | 4169 ||| FLEEEEING.
  4170 | Ossuary  | 4170 ||| FLEEEEING.
  4171 | Ossuary  | 4171 ||| FLEEEEING.
  4172 | Ossuary  | 4172 ||| FLEEEEING.
  4184 | Ossuary  | 4184 ||| FLEEEEING.
  4185 | Ossuary  | 4185 ||| FLEEEEING.
  4186 | Ossuary  | 4186 ||| FLEEEEING.
  4199 | Ossuary  | 4199 ||| FLEEEEING.
  4200 | Ossuary  | 4200 ||| FLEEEEING.
  4201 | Ossuary  | 4201 ||| FLEEEEING.
  4224 | Ossuary  | Killed Menkaure
  4224 | Ossuary  | Reached * piety under Okawaru
  4413 | Ossuary  | 4413 ||| FLEEEEING.
  4414 | Ossuary  | 4414 ||| FLEEEEING.
  4415 | Ossuary  | 4415 ||| FLEEEEING.
  4416 | Ossuary  | 4416 ||| FLEEEEING.
  4417 | Ossuary  | 4417 ||| FLEEEEING.
  4418 | Ossuary  | 4418 ||| FLEEEEING.
  4431 | Ossuary  | 4431 ||| FLEEEEING.
  4432 | Ossuary  | 4432 ||| FLEEEEING.
  4433 | Ossuary  | 4433 ||| FLEEEEING.
  4628 | Ossuary  | 4628 ||| READING scroll labelled BURODW AZIQUIR.
  4662 | Ossuary  | 4662 ||| READING scroll labelled RATZOU BICZIA.
  4663 | Ossuary  | 4663 ||| READING scroll labelled HURYBBAMUZ.
  4668 | D:5      | 4668 ||| PLANNING D:1-11
  4719 | D:5      | 4719 ||| INVOKING Heroism.
  4724 | D:5      | Reached skill level 1 in Invocations
  4820 | D:5      | Found a shimmering blue altar of Sif Muna.
  4899 | D:5      | Reached skill level 8 in Axes
  5037 | D:5      | Reached skill level 3 in Invocations
  5050 | D:5      | 5050 ||| INVOKING Heroism.
  5055 | D:5      | HP: 10/49 [wight/+4 mace (4)]
  5056 | D:5      | 5056 ||| READING 4 scrolls of teleportation.
  5057 | D:5      | 5057 ||| DRINKING 3 potions of heal wounds.
  5058 | D:5      | Reached ** piety under Okawaru
  5217 | D:5      | Noticed Eustachio
  5219 | D:5      | 5219 ||| INVOKING Heroism.
  5224 | D:5      | Reached skill level 6 in Fighting
  5224 | D:5      | Reached XP level 9. HP: 55/55 MP: 9/12
  5243 | D:5      | Killed Eustachio
  5246 | D:5      | 5246 ||| INVOKING Heroism.
  5354 | D:5      | 5354 ||| Stepping ~*~*~tactically~*~*~ (hiding).
  5355 | D:5      | 5355 ||| Stepping ~*~*~tactically~*~*~ (hiding).
  5378 | D:5      | 5378 ||| Stepping ~*~*~tactically~*~*~ (stealth).
  5380 | D:5      | 5380 ||| Stepping ~*~*~tactically~*~*~ (stealth).
  5387 | D:5      | 5387 ||| Stepping ~*~*~tactically~*~*~ (hiding).
  5388 | D:5      | 5388 ||| Stepping ~*~*~tactically~*~*~ (hiding).
  5389 | D:5      | 5389 ||| Stepping ~*~*~tactically~*~*~ (hiding).
  5390 | D:5      | 5390 ||| Stepping ~*~*~tactically~*~*~ (hiding).
  5391 | D:5      | 5391 ||| Stepping ~*~*~tactically~*~*~ (hiding).
  5392 | D:5      | 5392 ||| Stepping ~*~*~tactically~*~*~ (hiding).
  5393 | D:5      | 5393 ||| INVOKING Heroism.
  5545 | D:5      | Noticed Edmund
  5546 | D:5      | 5546 ||| INVOKING Heroism.
  5557 | D:5      | Killed Edmund
  5570 | D:5      | 5570 ||| DROPPING +0 flail.
  5731 | D:5      | Reached skill level 9 in Axes
  6050 | D:5      | 6050 ||| INVOKING Heroism.
  6120 | D:5      | 6120 ||| DROPPING scarf of invisibility.
  6121 | D:5      | 6121 ||| DROPPING scarf of harm.
  6122 | D:5      | 6122 ||| DROPPING amulet of magic regeneration.
  6123 | D:5      | 6123 ||| READING scroll labelled JIDOZ GOKH.
  6273 | D:6      | 6273 ||| Stepping ~*~*~tactically~*~*~ (stealth).
  6274 | D:6      | 6274 ||| Stepping ~*~*~tactically~*~*~ (stealth).
  6738 | D:6      | 6738 ||| INVOKING Heroism.
  6801 | D:6      | Found a basalt altar of Yredelemnul.
  6819 | D:6      | Found a hide-covered altar of Uskayaw.
  6874 | D:6      | 6874 ||| INVOKING Heroism.
  7039 | D:6      | 7039 ||| Stepping ~*~*~tactically~*~*~ (stealth).
  7041 | D:6      | 7041 ||| Stepping ~*~*~tactically~*~*~ (hiding).
  7042 | D:6      | 7042 ||| Stepping ~*~*~tactically~*~*~ (hiding).
  7047 | D:6      | 7047 ||| INVOKING Heroism.
  7126 | D:6      | 7126 ||| READING scroll labelled ZYOFRA KEHE.
  7189 | D:6      | 7189 ||| INVOKING Heroism.
  7196 | D:6      | 7196 ||| READING 4 scrolls of identify.
  7196 | D:6      | 7196 ||| IDENTIFYING coppery potion
  7207 | D:6      | 7207 ||| READING 3 scrolls of identify.
  7207 | D:6      | 7207 ||| IDENTIFYING cyan potion
  7210 | D:6      | 7210 ||| FLEEEEING.
  7220 | D:6      | 7220 ||| STAIRDANCE
  7292 | D:5      | 7292 ||| DROPPING potion of brilliance.
  7316 | D:6      | 7316 ||| STAIRDANCE
  7444 | D:7      | Reached skill level 10 in Axes
  7444 | D:7      | Reached XP level 10. HP: 63/63 MP: 13/13
  7449 | D:7      | 7449 ||| DROPPING +1 heavy flail.
  7521 | D:7      | Found Zagheg's Vocational Training.
  7762 | D:7      | Found a blossoming altar of Fedhas.
  7826 | D:7      | 7826 ||| INVOKING Heroism.
  8195 | D:7      | 8195 ||| READING 2 scrolls labelled AMURUNLUAN.
  8196 | D:7      | 8196 ||| DROPPING scroll of amnesia.
  8239 | D:8      | 8239 ||| Stepping ~*~*~tactically~*~*~ (hiding).
  8248 | D:8      | 8248 ||| Stepping ~*~*~tactically~*~*~ (hiding).
  8250 | D:8      | 8250 ||| INVOKING Heroism.
  8284 | D:8      | 8284 ||| Stepping ~*~*~tactically~*~*~ (stealth).
  8285 | D:8      | 8285 ||| Stepping ~*~*~tactically~*~*~ (stealth).
  8287 | D:8      | 8287 ||| Stepping ~*~*~tactically~*~*~ (stealth).
  8309 | D:8      | 8309 ||| SWAPPING to +2 heavy war axe.
  8310 | D:8      | 8310 ||| DROPPING +1 war axe.
  8355 | D:8      | Noticed a cyclops
  8356 | D:8      | 8356 ||| Stepping ~*~*~tactically~*~*~ (hiding).
  8357 | D:8      | 8357 ||| Stepping ~*~*~tactically~*~*~ (hiding).
  8360 | D:8      | 8360 ||| INVOKING Heroism.
  8368 | D:8      | Killed a cyclops
  8571 | D:8      | 8571 ||| INVOKING Heroism.
  8578 | D:8      | Reached skill level 11 in Axes
  8679 | D:8      | Found a staircase to the Lair.
  8680 | D:8      | 8680 ||| INVOKING Heroism.
  8835 | D:8      | 8835 ||| INVOKING Heroism.
  8840 | D:8      | 8840 ||| Stepping ~*~*~tactically~*~*~ (cloud).
  8842 | D:8      | 8842 ||| Stepping ~*~*~tactically~*~*~ (cloud).
  8847 | D:8      | 8847 ||| Stepping ~*~*~tactically~*~*~ (hiding).
  8854 | D:8      | 8854 ||| INVOKING Heroism.
  8866 | D:8      | Reached skill level 6 in Armour
  9056 | D:8      | 9056 ||| Stepping ~*~*~tactically~*~*~ (hiding).
  9175 | D:8      | Found an ornate altar of the Wu Jian Council.
  9190 | D:8      | 9190 ||| PLANNING LAIR
  9190 | D:8      | 9190 ||| UPGRADING to +0 plate armour.
  9200 | D:8      | 9200 ||| DROPPING +0 chain mail.
  9201 | D:8      | 9201 ||| DROPPING amulet of the acrobat.
  9202 | D:8      | 9202 ||| READING scroll labelled UDEVEN QOQ.
  9203 | D:8      | 9203 ||| READING 6 scrolls of identify.
  9203 | D:8      | 9203 ||| IDENTIFYING puce potion
  9204 | D:8      | 9204 ||| DROPPING potion of invisibility.
  9243 | Lair:1   | Entered Level 1 of the Lair of Beasts
  9258 | Lair:1   | 9258 ||| INVOKING Heroism.
  9365 | Lair:1   | Noticed a cane toad
  9366 | Lair:1   | 9366 ||| INVOKING Heroism.
  9373 | Lair:1   | Noticed a cane toad
  9376 | Lair:1   | Killed a cane toad
  9376 | Lair:1   | Reached *** piety under Okawaru
  9381 | Lair:1   | Killed a cane toad
  9382 | Lair:1   | 9382 ||| INVOKING Heroism.
  9458 | Lair:1   | Noticed a black mamba
  9459 | Lair:1   | 9459 ||| INVOKING Heroism.
  9465 | Lair:1   | Killed a black mamba
  9466 | Lair:1   | Reached skill level 9 in Fighting
  9466 | Lair:1   | Reached XP level 11. HP: 62/71 MP: 12/14
  9515 | Lair:1   | 9515 ||| Stepping ~*~*~tactically~*~*~ (stealth).
  9517 | Lair:1   | 9517 ||| INVOKING Heroism.
  9518 | Lair:1   | 9518 ||| Stepping ~*~*~tactically~*~*~ (stealth).
  9536 | Lair:1   | 9536 ||| INVOKING Heroism.
  9619 | Lair:1   | 9619 ||| DROPPING +2 war axe of venom.
  9628 | Lair:1   | 9628 ||| READING scroll of enchant armour.
  9628 | Lair:1   | 9628 ||| ENCHANTING +0 pair of gloves.
  9635 | Lair:1   | 9635 ||| INVOKING Heroism.
  9636 | Lair:1   | 9636 ||| Stepping ~*~*~tactically~*~*~ (stealth).
  9638 | Lair:1   | 9638 ||| Stepping ~*~*~tactically~*~*~ (stealth).
  9639 | Lair:1   | 9639 ||| Stepping ~*~*~tactically~*~*~ (stealth).
  9659 | Lair:1   | 9659 ||| INVOKING Heroism.
  9664 | Lair:1   | Reached **** piety under Okawaru
  9723 | Lair:1   | 9723 ||| Stepping ~*~*~tactically~*~*~ (stealth).
  9799 | Lair:1   | Noticed Grum
  9800 | Lair:1   | 9800 ||| Stepping ~*~*~tactically~*~*~ (stealth).
  9802 | Lair:1   | 9802 ||| Stepping ~*~*~tactically~*~*~ (hiding).
  9803 | Lair:1   | 9803 ||| Stepping ~*~*~tactically~*~*~ (hiding).
  9804 | Lair:1   | 9804 ||| Stepping ~*~*~tactically~*~*~ (hiding).
  9807 | Lair:1   | 9807 ||| INVOKING Heroism.
  9809 | Lair:1   | Killed Grum
  9863 | Lair:1   | 9863 ||| INVOKING Heroism.
 10133 | Lair:1   | 10133 ||| Stepping ~*~*~tactically~*~*~ (stealth).
 10146 | Lair:1   | 10146 ||| INVOKING Heroism.
 10156 | Lair:1   | Reached skill level 12 in Axes
 10312 | Lair:1   | 10312 ||| Stepping ~*~*~tactically~*~*~ (stealth).
 10315 | Lair:1   | 10315 ||| INVOKING Heroism.
 10429 | Lair:1   | 10429 ||| INVOKING Heroism.
 10440 | Lair:1   | Reached skill level 6 in Shields
 10562 | Lair:1   | 10562 ||| READING scroll labelled AGANIJ XESCHA.
 10727 | Lair:2   | 10727 ||| INVOKING Heroism.
 10843 | Lair:2   | 10843 ||| Stepping ~*~*~tactically~*~*~ (stealth).
 10844 | Lair:2   | 10844 ||| Stepping ~*~*~tactically~*~*~ (stealth).
 10851 | Lair:2   | 10851 ||| INVOKING Heroism.
 10856 | Lair:2   | Reached skill level 6 in Invocations
 10981 | Lair:2   | 10981 ||| INVOKING Heroism.
 11108 | Lair:2   | 11108 ||| INVOKING Heroism.
 11120 | Lair:2   | Reached skill level 9 in Armour
 11151 | Lair:2   | 11151 ||| Stepping ~*~*~tactically~*~*~ (hiding).
 11153 | Lair:2   | 11153 ||| Stepping ~*~*~tactically~*~*~ (hiding).
 11154 | Lair:2   | 11154 ||| Stepping ~*~*~tactically~*~*~ (hiding).
 11164 | Lair:2   | Reached XP level 12. HP: 76/76 MP: 17/17
 11247 | Lair:2   | 11247 ||| Stepping ~*~*~tactically~*~*~ (stealth).
 11261 | Lair:2   | 11261 ||| INVOKING Heroism.
 11459 | Lair:3   | 11459 ||| INVOKING Heroism.
 11523 | Lair:3   | 11523 ||| FLEEEEING.
 11524 | Lair:3   | 11524 ||| FLEEEEING.
 11525 | Lair:3   | 11525 ||| FLEEEEING.
 11526 | Lair:3   | 11526 ||| FLEEEEING.
 11527 | Lair:3   | 11527 ||| FLEEEEING.
 11529 | Lair:3   | 11529 ||| INVOKING Heroism.
 11533 | Lair:3   | Received a gift from Okawaru
 11654 | Lair:3   | 11654 ||| Stepping ~*~*~tactically~*~*~ (stealth).
 11655 | Lair:3   | 11655 ||| Stepping ~*~*~tactically~*~*~ (stealth).
 11786 | Lair:3   | 11786 ||| INVOKING Heroism.
 11937 | Lair:3   | Reached skill level 3 in Throwing
 11987 | Lair:3   | 11987 ||| READING scroll of enchant armour.
 11987 | Lair:3   | 11987 ||| ENCHANTING +1 pair of gloves.
 11999 | Lair:3   | Found a hole to the Spider Nest.
 12006 | Lair:3   | Reached ***** piety under Okawaru
 12600 | Lair:3   | Found a staircase to the Shoals.
 12610 | Lair:3   | 12610 ||| INVOKING Heroism.
 12615 | Lair:3   | Reached skill level 9 in Invocations
 12936 | Lair:3   | 12936 ||| READING scroll labelled UNTESA BEIHITO.
 12981 | Lair:4   | Noticed a seven-headed hydra
 12982 | Lair:4   | 12982 ||| INVOKING Heroism.
 12984 | Lair:4   | 12984 ||| INVOKING Finesse.
 12991 | Lair:4   | 12991 ||| SWAPPING to +0 morningstar.
 13005 | Lair:4   | 13005 ||| STAIRDANCE
 13011 | Lair:3   | Killed a seven-headed hydra
 13011 | Lair:3   | Identified the +8 broad axe of Checkmate {holy, Int+2}
                  | (Okawaru gifted it to you on level 3 of the Lair of Beasts)
 13011 | Lair:3   | Received a gift from Okawaru
 13011 | Lair:3   | HP: 13/77 [komodo dragon (9)]
 13012 | Lair:3   | 13012 ||| READING 7 scrolls of teleportation.
 13012 | Lair:3   | Mangled by a komodo dragon

Levels and vault maps discovered:
D:1:      dpeg_arrival_round_a, layout_loops_ring
D:2:      layout_basic
D:3:      layout_basic, serial_shops, shop, minmay_snake_closets, uniq_grinder,
          uniq_jessica
D:4:      layout_loops_ring, xom_teletrap_fun, nicolae_gozag_zags_fifth_avenue,
          temple_fountains, serial_glass, glass_columns_a, glass_columns_b
D:5:      layout_layer_cave, lemuel_tele_altar, enter_ossuary_1, uniq_eustachio,
          uniq_edmund
D:6:      cheibrodos_barr_body, layout_gridville,
          mainiacjoe_overflow_divided_tiny, kb_lookout_dungeons_type
D:7:      layout_cave_pods, fedhas_altar_1, nicolae_shop_vocational
D:8:      layout_basic, overflow_temple_1_default,
          grunt_lair_entry_orc_guard_hut
Temple:   compressed_dpeg_circular_temple
Lair:1:   layout_regular_city, dreamdust_mushroom_princess,
          chequers_serial_rivers_large_b, grunt_megastairs_5,
          serial_bayou_shore_b, serial_bayou_shore_b, uniq_grum
Lair:2:   layout_gridlike, infiniplex_staircase_pool_2
Lair:3:   dreamdust_cave_troll, layout_cave_pods, minmay_shoals_entry_hut,
          spider_nest_entry_webs, grunt_megastairs_1
Lair:4:   layout_misc_corridors, ebering_ghost_disaster_area, st_stairs_13

Skill      XL: |  1  2  3  4  5  6  7  8  9 10 11 12 |
---------------+-------------------------------------+-----
Axes           | 2 3 5 6 7 8 10 11 12 | 12.5
Fighting       | 4 5 6 7 9 10 | 10.0
Throwing       | 1 3 |  3.0
Dodging        | 1 |  1.1
Invocations    | 4 6 9 |  9.3
Armour         | 4 5 7 9 |  9.0
Shields        | 4 5 6 |  6.1

Action                     |  1- 3 |  4- 6 |  7- 9 | 10-12 || total
---------------------------+-------+-------+-------+-------++-------
  Melee: War axe           |    92 |   156 |   428 |   412 ||  1088
         Morningstar       |       |       |       |    18 ||    18
  Throw: Boomerang         |       |       |    60 |       ||    60
         Javelin           |       |       |       |    10 ||    10
 Invoke: Heroism           |       |       |    11 |    30 ||    41
         Finesse           |       |       |       |     1 ||     1
    Use: Scroll            |       |     7 |     8 |     8 ||    23
         Potion            |       |     6 |     1 |       ||     7
 Armour: Scale mail        |    51 |    23 |       |       ||    74
         Chain mail        |       |    70 |   160 |    50 ||   280
         Skin              |       |       |     2 |       ||     2
         Plate armour      |       |       |       |   133 ||   133
  Dodge: Dodged            |    52 |    49 |   282 |   225 ||   608
  Block: Buckler           |    17 |    27 |    75 |    84 ||   203

Table legend:
 A = Non-vault XP
 B = Vault XP
 C = Vault XP percentage of total XP
 D = Non-vault monster count
 E = Vault monster count
 F = Vault count percentage of total count
                 A         B        C        D         E       F
            +---------+---------+-------+---------+---------+-------
      Total |   20846 |    5683 |  21.4 |     239 |     100 |  29.5
            +---------+---------+-------+---------+---------+-------
        D:1 |      77 |       0 |   0.0 |      33 |       0 |   0.0
        D:2 |      58 |       0 |   0.0 |      23 |       0 |   0.0
        D:3 |      51 |     401 |  88.7 |      12 |      13 |  52.0
        D:4 |     587 |       0 |   0.0 |      28 |       0 |   0.0
        D:5 |    1419 |     355 |  20.0 |      24 |       2 |   7.7
        D:6 |     694 |     710 |  50.6 |      11 |      12 |  52.2
        D:7 |     976 |       0 |   0.0 |      23 |       0 |   0.0
        D:8 |    1424 |     688 |  32.6 |      22 |       5 |  18.5
     Lair:1 |    6504 |    1485 |  18.6 |      29 |       7 |  19.4
     Lair:2 |    3520 |       0 |   0.0 |      13 |       0 |   0.0
     Lair:3 |    4853 |    1650 |  25.4 |      18 |       6 |  25.0
     Lair:4 |     683 |     119 |  14.8 |       3 |       1 |  25.0
    Ossuary |       0 |     275 | 100.0 |       0 |      54 | 100.0
            +---------+---------+-------+---------+---------+-------
